 Dungeon Crawl Stone Soup version 0.17-a0-1133-gfb1399f (webtiles) character file.

5119 Veraticus the Geomancer (level 10, 0/59 HPs)
             Began as a Gargoyle Earth Elementalist on May 25, 2015.
             Was a Follower of Vehumet.
             Slain by a spectral orc knight
             ... wielding a +0 bardiche
             ... summoned by Nergalle
              (8 damage)
             ... on level 10 of the Dungeon on May 26, 2015.
             The game lasted 01:12:33 (15308 turns).

Veraticus the Geomancer (GrEE)                     Turns: 15308, Time: 01:12:33

Health: 0/59       AC: 19    Str: 13    XL:     10   Next: 58%
Magic:  3/24       EV: 11    Int: 23    God:    Vehumet [*.....]
Gold:   555        SH:  3    Dex: 10    Spells: 5 memorised, 4 levels left

rFire  x . .     SeeInvis .     p - +0 flail (protect)
rCold  + . .     Clarity  .     L - +0 robe
rNeg   + . .     SustAt   .     F - +0 buckler
rPois  ∞         Gourm    +     N - +1 helmet
rElec  +         Spirit   .     e - +0 cloak
rCorr  .         Warding  .     u - +0 pair of gloves
rMut   .         Stasis   .     t - +0 pair of boots {Stlth+}
MR     .....                    w - amulet of the gourmand {Gourm, !d}
Stlth  +++.......               y - ring of magical power {MP+9}
                                E - ring of ice {rC+, rF-}

@: brilliant, very slightly contaminated, drained, not resistant to hostile
enchantments, fairly stealthy
A: negative energy resistance 1, electricity resistance, unbreathing,
petrification resistance, rot immunity, AC +7
a: Renounce Religion


You were on level 10 of the Dungeon.
You worshipped Vehumet.
Vehumet was aware of your devotion.
You were full.

You visited 2 branches of the dungeon, and saw 11 of its levels.

You collected 555 gold pieces.

Inventory:

Hand weapons
 p - a +0 flail of protection (weapon)
   (You took it off Edmund in the Ecumenical Temple)
 z - a +0 quarterstaff
   (You found it on level 7 of the Dungeon)
Missiles
 a - 171 stones (quivered)
 r - a throwing net {=f, !d}
Armour
 e - a +0 cloak (worn)
   (You found it on level 1 of the Dungeon)
 t - a +0 pair of boots of stealth (worn)
   (You acquired it on level 7 of the Dungeon)
 u - a +0 pair of gloves (worn)
   (You found it on level 4 of the Dungeon)
 F - a +0 buckler (worn)
   (You found it on level 6 of the Dungeon)
 L - a +0 robe (worn)
   (You found it on level 8 of the Dungeon)
 N - a +1 helmet (worn)
   (You found it on level 9 of the Dungeon)
Jewellery
 w - an amulet of the gourmand (around neck) {Gourm, !d}
   (You took it off a goblin on level 6 of the Dungeon)
 y - a ring of magical power (right hand) {MP+9}
   (You found it on level 7 of the Dungeon)
 E - a ring of ice (left hand) {rC+, rF-}
   (You found it on level 7 of the Dungeon)
Magical devices
 s - a wand of slowing (28)
   (You took it off a kobold on level 4 of the Dungeon)
 H - a wand of draining (7)
   (You found it on level 9 of the Dungeon)
 P - a wand of paralysis (16)
   (You found it on level 9 of the Dungeon)
Scrolls
 b - a scroll of enchant weapon {unknown}
 i - a scroll of amnesia
 j - 3 scrolls of recharging
 k - 2 scrolls of magic mapping {!r}
 x - a scroll of remove curse
 J - 2 scrolls of fog
Potions
 f - a potion of flight
 g - 2 potions of magic {unknown}
 h - 2 potions of brilliance
 n - 4 potions of curing
 o - 3 potions of haste {unknown}
 q - a potion of berserk rage {unknown}
 A - a potion of mutation {unknown}
 C - a potion of agility {unknown}
 D - 2 potions of invisibility
 K - a potion of lignification {unknown}
Books
 c - a book of Geomancy
Miscellaneous
 M - a sack of spiders
   (You found it on level 9 of the Dungeon)
 O - a plain deck of war
   (You found it on level 10 of the Dungeon)
Comestibles
 d - 7 bread rations {@e1}
 l - 3 meat rations {@e2}
 m - 2 beef jerkies
 v - 12 fruits
 B - a royal jelly


   Skills:
 - Level 5.0(4.5) Fighting
 - Level 8.7(8.4) Maces & Flails
 - Level 3.4(5.9) Staves
 + Level 1.0(0.6) Armour
 - Level 3.3(2.7) Dodging
 - Level 2.1(1.7) Stealth
 - Level 3.5(3.0) Spellcasting
 + Level 1.0(0.6) Conjurations
 - Level 0.7(0.2) Transmutations
 - Level 12.0(11.3) Earth Magic


You had 4 spell levels left.
You knew the following spells:

 Your Spells              Type           Power        Failure   Level  Hunger
a - Sandblast             Erth           ######       1%          1    None
b - Shock                 Conj/Air       ###.         2%          1    None
s - Stoneskin             Trmt/Erth      #####...     1%          2    ##.....
x - Stone Arrow           Conj/Erth      #####.       1%          3    ###....
z - Lee's Rapid Deconstr  Erth           ######....   1%          5    ######.


Dungeon Overview and Level Annotations

Branches:
Dungeon (10/15)            Temple (1/1) D:5            Lair (0/8) D:9
    Orc (0/4) D:9

Altars:
Ashenzari
Cheibriados
Dithmenos
Elyvilon
Fedhas
Gozag
Kikubaaqudgha
Makhleb
Nemelex Xobeh
Okawaru
Qazlal
Ru
Sif Muna
Trog
Vehumet
Xom
Yredelemnul
Zin
The Shining One

Shops:
D:9 *

Annotations:
D:2 1 runed door
D:10 Fannar, Nergalle


Innate Abilities, Weirdness & Mutations

You are resistant to torment.
Your stone body is resilient (AC +7).
You are immune to poison.
You resist negative energy.
You are resistant to electric shocks.
You can survive without breathing.
You are immune to petrification.
You are immune to rotting.


Message History

You feel much better.
You block the spectral orc knight's attack.
The spectral orc warrior hits you with a war axe. x2
Something hits you but does no damage.
The spectral orc warrior hits you with a war axe.
The sky beast hits you but does no damage.
The spectral orc hits you but does no damage.
You regained 17 hp, and now have 30/59 hp.
You hit something but do no damage.
The spectral orc knight hits you from afar with a bardiche.
Something hits you but does no damage.
The sky beast hits you but does no damage.
The spectral orc warrior hits you but does no damage.
The spectral orc warrior closely misses you.
The spectral orc warrior misses you. The spectral orc misses you.
You take 4 damage, and have 26/59 hp.
You barely miss the spectral orc warrior.
Nergalle appears from thin air!
Reactivating autopickup.
The spectral orc knight barely misses you.
Nergalle hits you with a dagger. The sky beast misses you.
The spectral orc hits you but does no damage.
You block the spectral orc warrior's attack.
The spectral orc warrior barely misses you.
The spectral orc warrior hits you with a war axe!
* * * LOW HITPOINT WARNING * * *
You take 9 damage, and have 17/59 hp.
Drink which item? (? for menu, Esc to quit)
You feel clever all of a sudden.
The spectral orc knight hits you but does no damage.
The sky beast hits you but does no damage.
Nergalle hits you but does no damage.
The spectral orc hits you but does no damage.
Okay, then.
Aim: Nergalle, wielding a dagger, wearing a robe and carrying a wand of invisibility {zapped: 1} (almost dead, standing in death's doorway)
The stone arrow hits Nergalle.
The spectral orc knight barely misses you.
The spectral orc warrior closely misses you.
The spectral orc warrior hits you but does no damage.
The spectral orc warrior closely misses you.
Nergalle closely misses you. The sky beast barely misses you.
The spectral orc closely misses you.
You now have 0/24 mp.
You barely miss Nergalle. The spectral orc knight misses you.
The spectral orc warrior closely misses you.
The spectral orc warrior barely misses you.
You block Nergalle's attack. The sky beast misses you.
The spectral orc warrior hits you with a war axe!
* * * LOW HITPOINT WARNING * * *
The spectral orc misses you.
You take 9 damage, and have 9/59 hp.
Drink which item? (? for menu, Esc to quit)
You feel much better.
The spectral orc knight closely misses you.
You block Nergalle's attack. The sky beast barely misses you.
The spectral orc warrior closely misses you.
The spectral orc warrior hits you but does no damage. x2
The spectral orc hits you but does no damage.
You regained 25 hp, and now have 34/59 hp.
You hit Nergalle but do no damage.
Nergalle is no longer invulnerable.
The spectral orc knight hits you but does no damage.
Nergalle zaps a wand.
Nergalle flickers and vanishes!
Deactivating autopickup; reactivate with Ctrl-A.
The sky beast closely misses you.
The spectral orc warrior closely misses you. x2
The spectral orc closely misses you.
You miss something.
The spectral orc knight hits you but does no damage.
The spectral orc warrior hits you but does no damage.
You hear some strange, mumbled words.
A bolt of negative energy appears from out of thin air!
The bolt of negative energy hits you! You partially resist.
You feel drained.
* * * LOW HITPOINT WARNING * * *
The bolt of negative energy hits the spectral orc warrior.
The spectral orc warrior completely resists.
The sky beast misses you.
The spectral orc warrior closely misses you.
You block the spectral orc's attack.
You take 17 damage, and have 17/59 hp.
MASSIVE DAMAGE!!
Read which item? (? for menu, Esc to quit)
Really read
G - a scroll of blinking {!r}? [Y]es or [N]o only, please.
Really read
G - a scroll of blinking {!r}?
Blink to where?
You are very lightly contaminated with residual magic.
As you read the scroll of blinking {!r}, it crumbles to dust.
The spectral orc warrior is no longer moving quickly.
The spectral orc knight hits you from afar with a bardiche!
* * * LOW HITPOINT WARNING * * *
You take 9 damage, and have 9/59 hp.
The spectral orc knight hits you from afar with a bardiche.
* * * LOW HITPOINT WARNING * * *
You take 2 damage, and have 7/59 hp.
You hear a distant blaring wail to the northeast.
The spectral orc knight hits you from afar with a bardiche!
You die...

#.##.# #...<# #.# ##.##.# # #.#
#..##.##.###.##.# #.# #.#
#..........#.##.# #.# #.#
##.##.####.#.##.# # #.# #.#
#.##.# #.#>##.# ...# #.# #.#
#.##.# #.#.##.# ##.###.# #.#
#@##.# #.#.##.#
#...##.###.#####.##=####.#.##.#
.....#.....Z...Z..#.).........#
.........Y.................####
..........Z...%.......)..###
............#.##########)#
##########........... †.#
Z...............$.... ...#
.####......#)##.##########


You could see a spectral orc knight.

Vanquished Creatures
  The ghost of braveplatypus the Carver, an experienced HEGl of Makhleb (D:6)
  Sigmund (D:5)
  Menkaure (D:6)
  The ghost of braveplatypus the Slasher, an average HEGl of Ru (D:5)
  Edmund (Temple)
  A sky beast (D:10)
  An ice beast (D:10)
  A water moccasin (D:9)
  7 ogres
  A black bear (D:6)
  A necrophage (D:9)
  An orc warrior (D:8)
  7 centaurs
  2 phantoms
  2 big kobolds
  2 giant frogs
  A gnoll sergeant (D:8)
  A wyvern skeleton (D:9)
  3 killer bees (D:9)
  4 scorpions
  8 hounds
  3 crimson imps
  2 centaur zombies
  A quasit (D:9)
  2 jellies
  3 orc priests
  A giant frog skeleton (D:10)
  An iguana (D:5)
  6 orc wizards
  A centaur skeleton (D:8)
  A human skeleton (D:2)
  A statue (D:8)
  4 worker ants
  A killer bee zombie (D:8)
  A human simulacrum (D:10)
  3 hound skeletons
  A worker ant zombie (D:6)
  21 gnolls
  A river rat (D:5)
  22 adders
  2 shadow imps (D:7)
  3 oozes
  A worm (D:2)
  2 adder skeletons
  9 giant geckos
  44 orcs
  A bat skeleton (D:4)
  18 hobgoblins
  9 jackals
  22 kobolds
  3 quokkas
  4 ball pythons
  18 bats
  3 giant cockroaches
  9 giant newts
  2 gnoll zombies (D:5)
  12 goblins
  A kobold zombie (D:2)
  2 orc zombies (D:5)
  24 rats
313 creatures vanquished.

Vanquished Creatures (collateral kills)
  A black bear (D:8)
1 creature vanquished.

Vanquished Creatures (others)
  A jelly (D:8)
  A human simulacrum (D:10)
  A hobgoblin (D:8)
3 creatures vanquished.

Grand Total: 317 creatures vanquished

Notes
Turn   | Place    | Note
--------------------------------------------------------------
     0 | D:1      | Veraticus the Gargoyle Earth Elementalist began the quest for the Orb.
     0 | D:1      | Reached XP level 1. HP: 10/10 MP: 3/3
    94 | D:1      | Reached skill level 4 in Earth Magic
   128 | D:1      | Reached XP level 2. HP: 15/15 MP: 0/5
  1140 | D:1      | Reached XP level 3. HP: 19/19 MP: 6/6
  1218 | D:1      | Reached skill level 5 in Earth Magic
  1859 | D:2      | Learned a level 3 spell: Stone Arrow
  1967 | D:2      | Found a glowing silver altar of Zin.
  1995 | D:2      | Reached XP level 4. HP: 20/24 MP: 0/7
  2132 | D:2      | Reached skill level 6 in Earth Magic
  2652 | D:2      | Reached XP level 5. HP: 28/28 MP: 3/8
  2709 | D:2      | Found a runed door.
  2709 | D:2      | Noticed a human
  2713 | D:2      | Found a basalt altar of Yredelemnul.
  2917 | D:2      | Reached skill level 7 in Earth Magic
  3831 | D:3      | Reached XP level 6. HP: 27/32 MP: 7/9
  3882 | D:3      | Reached skill level 8 in Earth Magic
  4445 | D:3      | Reached skill level 1 in Fighting
  5150 | D:4      | Reached skill level 2 in Fighting
  5154 | D:4      | Reached skill level 3 in Spellcasting
  5248 | D:4      | Reached XP level 7. HP: 25/40 MP: 4/11
  5370 | D:4      | Learned a level 5 spell: Lee's Rapid Deconstruction
  5373 | D:4      | Learned a level 2 spell: Stoneskin
  5620 | D:4      | Reached skill level 3 in Fighting
  6282 | D:5      | Entered Level 5 of the Dungeon
  6332 | D:5      | Noticed braveplatypus's ghost (average HEGl)
  6369 | D:6      | Noticed Menkaure
  6380 | D:6      | Killed Menkaure
  6380 | D:6      | Reached skill level 9 in Earth Magic
  6464 | D:6      | Reached XP level 8. HP: 46/46 MP: 4/13
  6641 | D:6      | Reached skill level 10 in Earth Magic
  7103 | D:6      | Reached skill level 2 in Dodging
  7298 | D:6      | Reached skill level 4 in Fighting
  7815 | D:6      | Reached skill level 11 in Earth Magic
  8142 | D:6      | Noticed braveplatypus's ghost (experienced HEGl)
  8235 | D:5      | Found a staircase to the Ecumenical Temple.
  8509 | D:5      | Noticed Sigmund
  8536 | Temple   | Entered the Ecumenical Temple
  8692 | D:5      | HP: 12/48 [centaur (1)]
  8694 | D:5      | Reached XP level 9. HP: 13/52 MP: 0/14
  8865 | D:5      | Reached skill level 12 in Earth Magic
  8869 | D:5      | Killed Sigmund
  8914 | D:5      | Noticed Edmund
  8961 | Temple   | Killed Edmund
  8961 | Temple   | Reached skill level 3 in Dodging
  9834 | D:7      | Reached skill level 1 in Maces & Flails
  9873 | D:7      | Reached skill level 5 in Fighting
 10268 | D:7      | Identified a scroll of acquirement
 10300 | D:7      | Reached skill level 2 in Maces & Flails
 10735 | D:7      | Reached skill level 3 in Maces & Flails
 10876 | D:6      | Killed braveplatypus's ghost
 10876 | D:6      | Reached skill level 3 in Staves
 11016 | D:5      | Killed braveplatypus's ghost
 11048 | D:5      | Reached skill level 4 in Maces & Flails
 11983 | D:5      | Reached skill level 5 in Maces & Flails
 12610 | D:8      | Reached XP level 10. HP: 57/59 MP: 7/15
 12786 | D:8      | Reached skill level 6 in Maces & Flails
 13265 | D:8      | Reached skill level 7 in Maces & Flails
 13426 | D:8      | Found a shattered altar of Ashenzari.
 13477 | D:8      | Found a radiant altar of Vehumet.
 13492 | D:8      | Became a worshipper of Vehumet
 13888 | D:9      | Found a glowing golden altar of the Shining One.
 14070 | D:9      | Found a staircase to the Orcish Mines.
 14171 | D:9      | Reached skill level 8 in Maces & Flails
 14302 | D:9      | Found Sekkoz's General Store.
 14317 | D:9      | Found a staircase to the Lair.
 14439 | D:9      | Found a burning altar of Makhleb.
 14611 | D:9      | Acquired Vehumet's first power
 14611 | D:9      | Offered knowledge of Shock by Vehumet.
 14614 | D:9      | Learned a level 1 spell: Shock
 14916 | D:10     | Entered Level 10 of the Dungeon
 14925 | D:10     | Noticed Fannar
 15252 | D:10     | Reached skill level 1 in Armour
 15252 | D:10     | Reached skill level 1 in Conjurations
 15253 | D:10     | Noticed Nergalle
 15277 | D:10     | HP: 12/59 [spectral orc warrior/war axe[Nergalle] (7)]
 15287 | D:10     | HP: 14/59 [sky beast (2)]
 15293 | D:10     | HP: 9/59 [spectral orc warrior/war axe[Nergalle] (9)]
 15303 | D:10     | HP: 9/59 [spectral orc knight/bardiche[Nergalle] (10)]
 15308 | D:10     | Slain by a spectral orc knight

Vault maps used:
D:1:      elethiomel_arrival_quiet
D:2:      old_standard_altar, dk_yredelemnul_ordeal
D:3:      minmay_lizard_king
D:4:      first_bread
D:5:      temple_fountains, gup_sewer_entry_bubbles, enter_ossuary_3,
          guppyfry_early_lair_pool, uniq_edmund, uniq_sigmund
D:6:      uniq_menkaure
D:8:      lemuel_coloured_pillars_altar, vehumet_statue
D:9:      makhleb_blood_cavern_becter, old_standard_altar, dpeg_oklobed_lair,
          serial_shops, nicolae_shop_behind_doors
D:10:     basic_altar, bh_circular_ruins, uniq_fannar, uniq_nergalle
Temple:   nicolae_temple_god_jail

Action                   |  1- 3 |  4- 6 |  7- 9 | 10-12 || total
-------------------------+-------+-------+-------+-------++-------
Melee: Unarmed           |     7 |       |       |       ||     7
       Dagger            |    31 |   114 |       |       ||   145
       Flail             |       |    31 |   447 |   185 ||   663
 Fire: Longbow           |       |       |     8 |       ||     8
Throw: Stone             |   101 |   198 |   218 |     7 ||   524
 Cast: Sandblast         |    51 |   142 |   212 |     2 ||   407
       Stone Arrow       |       |     1 |    22 |    61 ||    84
       Lee's Rapid Decon |       |       |    31 |    12 ||    43
       Stoneskin         |       |       |     2 |       ||     2
  Use: Scroll            |     3 |     4 |     7 |     8 ||    22
       Potion            |       |       |     2 |     4 ||     6
 Stab: Sleeping          |       |       |     1 |     5 ||     6
  Eat: Chunk             |     4 |    12 |    50 |    17 ||    83

Vault maps used:
D:1:      elethiomel_arrival_quiet
D:2:      old_standard_altar, dk_yredelemnul_ordeal
D:3:      minmay_lizard_king
D:4:      first_bread
D:5:      temple_fountains, gup_sewer_entry_bubbles, enter_ossuary_3,
          guppyfry_early_lair_pool, uniq_edmund, uniq_sigmund
D:6:      uniq_menkaure
D:8:      lemuel_coloured_pillars_altar, vehumet_statue
D:9:      makhleb_blood_cavern_becter, old_standard_altar, dpeg_oklobed_lair,
          serial_shops, nicolae_shop_behind_doors
D:10:     basic_altar, bh_circular_ruins, uniq_fannar, uniq_nergalle
Temple:   nicolae_temple_god_jail

Table legend:
 A = Turns spent in this place as a percentage of turns spent in the entire game.
 B = Non-inter-level travel turns spent in this place as a percentage of non-inter-level travel turns spent in the entire game.
 C = Inter-level travel turns spent in this place as a percentage of turns spent in this place.
 D = Turns resting spent in this place as a percentage of non-inter-level travel turns spent in this place.
 E = Turns spent auto-exploring this place as a percentage of non-inter-level travel turns spent in this place.
 F = Non-inter-level travel turns spent in this place divided by the number of levels of this place that you've seen.
                   A       B       C       D       E      F
               +-------+-------+-------+-------+-------+----------------------
         Total | 100.0 | 100.0 |   0.7 |   5.0 |   7.3 | 388.5
       Dungeon |  98.3 |  98.3 |   0.6 |   5.0 |   7.1 | 420.0
        Temple |   1.7 |   1.7 |   1.3 |   8.1 |  18.9 |  74.0
               +-------+-------+-------+-------+-------+----------------------

Table legend:
 A = Kills in this place as a percentage of kills in entire the game.
 B = Kills by you in this place as a percentage of kills by you in the entire game.
 C = Kills by friends in this place as a percentage of kills by friends in the entire game.
 D = Other kills in this place as a percentage of other kills in the entire game.
 E = Experience gained in this place as a percentage of experience gained in the entire game.
 F = Experience gained in this place divided by the number of levels of this place that you have seen.
                   A       B       C       D       E      F
               +-------+-------+-------+-------+-------+----------------------
         Total | 100.0 | 100.0 | 100.0 |  -nan | 100.0 | 664.9
       Dungeon |  99.7 |  99.7 | 100.0 |  -nan |  97.8 | 715.0
        Temple |   0.3 |   0.3 |   0.0 |  -nan |   2.2 | 164.0
               +-------+-------+-------+-------+-------+----------------------
